 Dungeon Crawl Stone Soup version 0.23.1-38-g628c18f (webtiles) character file.

Game seed: 6538689442742324359

919 dvd the Twirler (level 7, -9/41 HPs)
             Began as a Deep Elf Gladiator on Mar 28, 2019.
             Was an Initiate of Yredelemnul.
             Mangled by an ogre
             ... wielding a +0 giant club
              (18 damage)
             ... on level 6 of the Dungeon.
             The game lasted 00:15:12 (7571 turns).

dvd the Twirler (Deep Elf Gladiator)                Turns: 7571, Time: 00:15:13

Health: -9/41      AC:  4    Str: 12    XL:     7   Next: 83%
Magic:  0/9        EV: 15    Int: 14    God:    Yredelemnul [......]
Gold:   226        SH:  4    Dex: 16    Spells: 6/6 levels left

rFire    . . .     SeeInvis .   a - +0 quarterstaff
rCold    . . .     Gourm    .   (shield currently unavailable)
rNeg     . . .     Faith    .   b - +0 leather armour
rPois    +         Spirit   +   c - +0 helmet
rElec    .         Reflect  +   A - scarf {Spirit}
rCorr    +         Harm     .   (no gloves)
MR       .....                  (no boots)
Stlth    ++........             x - +4 amulet of reflection
HPRegen  0.13/turn              t - ring of poison resistance
MPRegen  0.11/turn              B - ring of resist corrosion

@: no status effects
A: no striking features
a: Renounce Religion


You were on level 6 of the Dungeon.
You worshipped Yredelemnul.
Yredelemnul was noncommittal.
You were very hungry.

You visited 1 branch of the dungeon, and saw 6 of its levels.

You collected 226 gold pieces.

Inventory:

Hand Weapons
 a - a +0 quarterstaff (weapon)
Missiles
 w - 5 javelins (quivered)
 G - 5 tomahawks
Armour
 b - a +0 leather armour (worn)
 c - a +0 helmet (worn)
 k - a +0 ring mail
 A - a scarf of spirit shield (worn)
Jewellery
 l - an uncursed amulet of the gourmand
 t - a ring of poison resistance (left hand)
 x - a +4 amulet of reflection (around neck)
 B - a ring of resist corrosion (right hand)
 D - an uncursed ring of fire
Scrolls
 d - a scroll of noise {unknown}
 h - 4 scrolls of remove curse
 m - 3 scrolls of identify
 n - a scroll of magic mapping
 p - a scroll of enchant weapon {unknown}
 s - a scroll of blinking {unknown}
 y - a scroll of fog {unknown}
 E - a scroll of immolation {unknown}
Potions
 e - a potion of ambrosia {unknown}
 g - a potion of flight {unknown}
 o - 4 potions of degeneration {unknown}
 q - 2 potions of curing {unknown}
 r - a potion of brilliance {unknown}
 u - 2 potions of mutation {unknown}
 v - 2 potions of haste {unknown}
 z - a potion of cancellation {unknown}
 C - 2 potions of lignification {unknown}
 F - a potion of agility {unknown}
Comestibles
 f - 14 rations


   Skills:
 + Level 3.3 Fighting
 + Level 6.8 Staves
 + Level 2.3 Throwing
 + Level 2.6 Armour
 + Level 5.3 Dodging
 + Level 2.1 Stealth


You had 6 spell levels left.
You didn't know any spells.
Your spell library was empty.

Dungeon Overview and Level Annotations

Branches:
Dungeon (6/15)             Temple (0/1) D:4

Altars:
Dithmenos
Fedhas
Okawaru
Ru
Uskayaw
Yredelemnul


Message History

Unknown command.
You climb downwards.
You hear the sound of rushing water.
There is an entrance to a sewer on this level.
Hurry and find it before the portal rusts away!
You hear the slow rusting of a drain nearby.
You are feeling very hungry.
There is a stone staircase leading up here.
Found a scroll labeled DAUMUZYFIMM.
w - 4 javelins (gained 1)
w - 5 javelins (gained 1)
An ogre comes into view. It is wielding a +0 giant club.
You sock the ogre!
The ogre is moderately wounded.
The ogre hits you with a +0 giant club!
* * * LOW HITPOINT WARNING * * *
Unknown command.
There is a stone staircase leading up here.
The ogre hits you with a +0 giant club!!
You die...
Your body rises from the dead as a mindless zombie.

### .. ###.#
.###. #...#
.....# ##.O@#
...... #..###
....######.##
......#..#
#.#..#.##
#....#.# #
###......#
#.#....#..##
#.?..#.#.##


You could see an ogre.

Vanquished Creatures
  2 ice beasts
  A big kobold (D:5)
  A bullfrog (D:5)
  A scorpion (D:5)
  A howler monkey (D:5)
  2 crimson imps (D:5)
  A hound (D:5)
  A bullfrog skeleton (D:5)
  A jelly (D:5)
  An orc wizard (D:4)
  3 worker ants
  11 adders
  A shadow imp (D:3)
  6 worms
  2 dart slugs (D:1)
  4 leopard geckos
  11 orcs
  10 bats
  6 giant cockroaches
  8 goblins
  5 hobgoblins
  10 jackals
  21 kobolds
  2 quokkas
  A ball python (D:3)
  5 frilled lizards
  A leopard gecko skeleton (D:5)
  A leopard gecko zombie (D:5)
  A quokka zombie (D:5)
  6 rats
127 creatures vanquished.

Notes
Turn   | Place    | Note
-------+----------+-------------------------------------------
     0 | D:1      | dvd the Deep Elf Gladiator began the quest for the Orb.
     0 | D:1      | Reached XP level 1. HP: 12/12 MP: 3/3
   208 | D:1      | Reached XP level 2. HP: 12/16 MP: 4/4
   960 | D:1      | Reached XP level 3. HP: 21/21 MP: 5/5
  1506 | D:2      | Reached skill level 1 in Armour
  1506 | D:2      | Reached XP level 4. HP: 2/26 MP: 6/6
  1506 | D:2      | HP: 1/26 [poisoned by an adder]
  2608 | D:2      | Reached skill level 4 in Staves
  2734 | D:2      | Found a sacrificial altar of Ru.
  2734 | D:2      | Found a hide-covered altar of Uskayaw.
  3012 | D:3      | Reached skill level 1 in Stealth
  3398 | D:3      | Reached XP level 5. HP: 30/30 MP: 7/7
  3804 | D:3      | Found a basalt altar of Yredelemnul.
  3804 | D:3      | Found a blossoming altar of Fedhas.
  3868 | D:3      | Became a worshipper of Yredelemnul the Dark
  4510 | D:4      | Found a staircase to the Ecumenical Temple.
  4933 | D:4      | Reached skill level 5 in Staves
  5289 | D:4      | Reached XP level 6. HP: 31/35 MP: 8/8
  5343 | D:5      | Entered Level 5 of the Dungeon
  5370 | D:5      | Reached skill level 5 in Dodging
  5684 | D:5      | Noticed an ice beast
  5692 | D:5      | Noticed an ice beast
  5964 | D:4      | Killed an ice beast
  5964 | D:4      | Reached skill level 6 in Staves
  5964 | D:4      | Reached XP level 7. HP: 30/40 MP: 6/9
  6916 | D:5      | Found an iron altar of Okawaru.
  7242 | D:5      | Found a shadowy altar of Dithmenos.
  7571 | D:6      | Mangled by an ogre

Skill      XL: |  1  2  3  4  5  6  7 |
---------------+----------------------+-----
Dodging        | 4 5 |  5.3
Armour         | 1 2 |  2.6
Fighting       | 2 3 |  3.3
Staves         | 4 5 6 |  6.8
Stealth        | 1 2 |  2.1
Throwing       | |  2.3

Action                   |  1- 3 |  4- 6 |  7- 9 || total
-------------------------+-------+-------+-------++-------
Melee: Quarterstaff      |   114 |   269 |   120 ||   503
Throw: Throwing net      |     4 |     9 |       ||    13
       Javelin           |       |       |     6 ||     6
  Use: Scroll            |       |     1 |     3 ||     4
 Stab: Held in net/web   |     4 |     2 |       ||     6
       Sleeping          |       |       |     1 ||     1
  Eat: Chunk             |     2 |    16 |     3 ||    21
Armor: Leather armour    |    13 |    55 |    15 ||    83
Dodge: Dodged            |    62 |   163 |    60 ||   285
Block: Other             |       |    18 |    23 ||    41
